 Seeded DCSS version 0.28-a0-1567-g1695149f81 (webtiles) character file.

Game seed: 767 (custom seed)

997 knot the Cleaver (level 7, -1/52 HPs)
             Began as a Demonspawn Berserker on Jan 20, 2022.
             Was a Believer of Trog.
             Killed from afar by an acid dragon (23 damage)
             ... with a splash of acid
             ... on level 5 of the Dungeon.
             The game lasted 00:04:53 (6560 turns).

knot the Cleaver (Demonspawn Berserker)             Turns: 6560, Time: 00:04:57

Health: -1/52      AC:  8    Str: 18    XL:     7   Next: 99%
Magic:  7/7        EV: 11    Int: 10    God:    Trog [**....]
Gold:   184        SH:  5    Dex: 12    Spells: 6/6 levels left

rFire   . . .      SeeInvis .   a - +0 hand axe
rCold   . . .      Faith    .   k - +2 buckler
rNeg    . . .      Spirit   .   j - +3 ring mail
rPois   +          Reflect  .   (helmet restricted)
rElec   .          Harm     .   (no cloak)
rCorr   .          Rampage  .   (no gloves)
Will    .....                   (no boots)
Stlth   +.........              (no amulet)
HPRegen 0.17/turn               i - ring of poison resistance
MPRegen 0.10/turn               (no ring)

@: no status effects
A: antennae 2, sturdy frame 2, demonic magic 1
a: Renounce Religion, Berserk, Trog's Hand


You were on level 5 of the Dungeon.
You worshipped Trog.
Trog was pleased with you.
You visited 1 branch of the dungeon, and saw 5 of its levels.

You collected 184 gold pieces.

Inventory:

Hand Weapons
 a - a +0 hand axe (weapon)
Missiles
 d - 30 sling bullets
 g - 116 stones
 p - 3 boomerangs (quivered)
Armour
 j - a +3 ring mail (worn)
 k - a +2 buckler (worn)
Jewellery
 h - a ring of fire
 i - a ring of poison resistance (left hand)
Wands
 o - a wand of paralysis (3)
Scrolls
 b - a scroll of torment {unknown}
 c - 4 scrolls of identify {unknown}
 f - 3 scrolls of enchant armour {unknown}
 l - 3 scrolls of teleportation {unknown}
 n - a scroll of summoning {unknown}
Potions
 e - a potion of attraction {unknown}
 m - 2 potions of might {unknown}
 q - a potion of heal wounds {unknown}


   Skills:
 - Level 3.0 Fighting
 * Level 8.5 Axes
 * Level 2.4 Throwing
 - Level 1.7 Armour
 - Level 1.7 Dodging


You had 6 spell levels left.
You didn't know any spells.
Your spell library contained the following spells:

 Spells                   Type           Power      Damage    Failure   Level
 Freeze                   Ice            0%         1d3       50%         1
 Magic Dart               Conj           0%         1d3       50%         1
 Sandblast                Erth           0%         2d4       50%         1
 Searing Ray              Conj           0%         2d4       65%         2
 Frozen Ramparts          Ice            0%         1d2       86%         3
 Portal Projectile        Hex/Tloc       0%         N/A       86%         3
 Hailstorm                Conj/Ice       0%         3d3       99%         4
 Olgreb's Toxic Radiance  Pois           0%         N/A       99%         4
 Blade Hands              Tmut           0%         N/A       100%        5
 Excruciating Wounds      Necr           0%         N/A       100%        5
 Dispersal                Tloc           0%         N/A       100%        6
 Ozocubu's Refrigeration  Ice            0%         4d5       100%        7
 Disjunction              Tloc           0%         N/A       100%        8
 Ignition                 Fire           0%         3d3       100%        8


Dungeon Overview and Level Annotations

Branches:
Dungeon (5/15)
 Temple: D:4-7

Altars:
Ashenzari
Dithmenos
Elyvilon
Hepliaklqana
Vehumet
Wu Jian
Xom


Innate Abilities, Weirdness & Mutations

You have a pair of antennae on your head.
Your movements are less encumbered by armour. (ER -4)
Spells you cast may paralyse adjacent enemies.


Message History

An acid dragon comes into view.
The orc barely misses you.
Your life force feels restored.
Your Throwing skill increases to level 2!
The acid dragon roars!
You hit the orc.
You kill the orc!
Trog accepts your kill. The acid dragon spits acid at you.
The splash of acid hits you!!
Okay, then.
Okay, then.
Aiming: Paralyse
Press: ? - help, Shift-Dir - straight line, f - acid dragon
Aim: an acid dragon (catching its breath, chance to affect: 49%)
The acid dragon resists with some effort.
Aiming: Paralyse
Press: ? - help, Shift-Dir - straight line, f/p - acid dragon
Aim: an acid dragon (catching its breath, chance to affect: 49%)
The acid dragon resists with some effort.
Aiming: Paralyse
Press: ? - help, Shift-Dir - straight line, f/p - acid dragon
Aim: an acid dragon (catching its breath, chance to affect: 49%)
The acid dragon resists with some effort.
Aiming: Paralyse
Press: ? - help, Shift-Dir - straight line, f/p - acid dragon
Aim: an acid dragon (chance to affect: 49%)
The acid dragon resists with some effort.
Aiming: Paralyse
Press: ? - help, Shift-Dir - straight line, f/p - acid dragon
Aim: an acid dragon (chance to affect: 49%)
The acid dragon resists with some effort.
The acid dragon bites you! The acid dragon claws you.
Aiming: Paralyse
Press: ? - help, Shift-Dir - straight line, f/p - acid dragon
Aim: an acid dragon (chance to affect: 49%)
The acid dragon resists with some effort.
The acid dragon spits acid at you. The splash of acid hits you!!
You die...

...........# ###........#
......#.#..# ..#
###...#.#..# ...
###...#....# #.# #
.#.........# #.# .##
.....<.....###.# ...#
...............#####....#
.#....##...###.D@.....#..
.#................†.....>
.#.#..............)......
.#.#..##...#.#..###.#####
...........####.# ..#
.#.#..#..#.# ..# .#
..<#..#..#.# #### ..
)#.........# #..+ #.
...#..#..#. #..# #.


You could see an acid dragon (catching breath).

Vanquished Creatures
  Sigmund (D:5)
  A water moccasin (D:4)
  A necrophage (D:5)
  A black bear (D:4)
  A bullfrog (D:4)
  A gnoll shaman (D:4)
  A hound (D:5)
  An iguana (D:4)
  Jessica (D:3)
  Natasha (thrice) (D:2)
  An orc wizard (D:3)
  6 gnolls (D:4)
  11 adders
  5 worms
  5 dart slugs
  7 orcs
  6 endoplasms
  5 giant cockroaches
  9 goblins
  10 hobgoblins
  4 quokkas
  5 ball pythons
  6 bats
  6 frilled lizards
  7 kobolds
  12 rats
117 creatures vanquished.

Vanquished Creatures (others)
  8 plants (D:5)
8 creatures vanquished.

Grand Total: 125 creatures vanquished

Notes
Turn   | Place    | Note
-------+----------+-------------------------------------------
     0 | D:1      | knot the Demonspawn Berserker began the quest for the Orb.
     0 | D:1      | Reached XP level 1. HP: 18/18 MP: 1/1
    61 | D:1      | Reached skill level 3 in Axes
   110 | D:1      | Gained mutation: Your movements are slightly less
                  | encumbered by armour. (ER -2) [demonic ancestry]
   110 | D:1      | Reached XP level 2. HP: 24/24 MP: 2/2
   176 | D:1      | Found a faded altar of an unknown god.
   447 | D:1      | Reached ** piety under Trog
   671 | D:1      | Gained mutation: You have a pair of small antennae on your
                  | head. [demonic ancestry]
   671 | D:1      | Reached XP level 3. HP: 29/29 MP: 3/3
  1232 | D:2      | Reached skill level 4 in Axes
  1710 | D:2      | Noticed Natasha
  1719 | D:2      | Killed Natasha
  1720 | D:2      | Gained mutation: Your movements are less encumbered by
                  | armour. (ER -4) [demonic ancestry]
  1720 | D:2      | Reached XP level 4. HP: 24/35 MP: 4/4
  2044 | D:2      | Noticed Natasha
  2055 | D:2      | Killed Natasha
  2056 | D:2      | Reached skill level 5 in Axes
  2487 | D:2      | Noticed Natasha
  2497 | D:2      | Killed Natasha
  2498 | D:2      | Gained mutation: Spells you cast may paralyse adjacent
                  | enemies. [demonic ancestry]
  2498 | D:2      | Reached XP level 5. HP: 41/41 MP: 5/5
  2605 | D:2      | Found a shimmering altar of Xom.
  2733 | D:3      | Found a radiant altar of Vehumet.
  3510 | D:3      | Noticed Jessica
  3517 | D:3      | Killed Jessica
  3518 | D:3      | Reached skill level 6 in Axes
  4023 | D:3      | Reached XP level 6. HP: 47/47 MP: 6/6
  4586 | D:4      | Got Hamuv's Handbook of Harmful Earth
  4725 | D:4      | Paralysed by a goblin for 3 turns
  4909 | D:4      | Found an ornate altar of the Wu Jian Council.
  4926 | D:4      | Found a broken altar of Ashenzari.
  4926 | D:4      | Found a shadowy altar of Dithmenos.
  4940 | D:4      | Found a hazy altar of Hepliaklqana.
  5126 | D:4      | Reached skill level 7 in Axes
  5385 | D:4      | Reached *** piety under Trog
  5499 | D:5      | Entered Level 5 of the Dungeon
  5500 | D:5      | Noticed a water moccasin
  5511 | D:4      | Gained mutation: You have a pair of antennae on your head.
                  | [demonic ancestry]
  5511 | D:4      | Reached XP level 7. HP: 52/52 MP: 7/7
  5762 | D:5      | Noticed Sigmund
  5775 | D:4      | Reached skill level 8 in Axes
  6190 | D:5      | Killed Sigmund
  6191 | D:5      | Reached skill level 1 in Throwing
  6560 | D:5      | Killed from afar by an acid dragon

Illustrated notes

Levels and vault maps discovered:
D:1:      onia_arrival_handbag, layout_loops_ring,
          nicolae_ecumenical_lake_church
D:2:      layout_rooms, basic_altar, st_stairs_1, uniq_natasha
D:3:      layout_basic, nicolae_vehumet_radiance, uniq_jessica
D:4:      layout_basic, minmay_overflow_temple_star_hex, columned_hall_lemuel
D:5:      layout_basic, led_sif_book, nemelex_altar_shiori, grunt_gozag_statues,
          corexii_checkpoint_b, serial_bayou_pond_c, uniq_sigmund

Skill      XL: |  1  2  3  4  5  6  7 |
---------------+----------------------+-----
Axes           | 3 4 5 6 7 8 |  8.5
Throwing       | 2 |  2.4
Fighting       | |  3.0
Armour         | |  1.7
Dodging        | |  1.7

Action                   |  1- 3 |  4- 6 |  7- 9 || total
-------------------------+-------+-------+-------++-------
Melee: Hand axe          |   122 |   280 |    39 ||   441
       Punch             |     2 |       |       ||     2
Throw: Boomerang         |       |       |     3 ||     3
Invok: Berserk           |     2 |     9 |     2 ||    13
       Trog's Hand       |       |     1 |     1 ||     2
Evoke: Wand              |       |       |     6 ||     6
 Stab: Sleeping          |     4 |       |       ||     4
Armor: Animal skin       |    31 |       |       ||    31
       Ring mail         |       |   100 |     8 ||   108
Dodge: Dodged            |    64 |   124 |    15 ||   203
Block: Buckler           |       |    59 |    13 ||    72

Table legend: (Time is in decaauts)
 A = Elapsed time spent in this place.
 B = Non-inter-level travel time spent in this place.
 C = Inter-level travel time spent in this place.
 D = Time resting spent in this place.
 E = Time spent auto-exploring this place.
 F = Levels seen in this place.
 G = Mean time per level.
                   A        B        C        D        E       F      G
               +--------+--------+--------+--------+--------+-----+--------+
         Total |   6725 |   6587 |    138 |   2315 |   3374 |   5 | 1345.0 |
       Dungeon |   6725 |   6587 |    138 |   2315 |   3374 |   5 | 1345.0 |
               +--------+--------+--------+--------+--------+-----+--------+

Top non-repeatable levels by time:
     D:4: 1933 daAuts
     D:3: 1637 daAuts
     D:2: 1515 daAuts
     D:1: 1239 daAuts
     D:5: 399 daAuts
